[Event "FICS rated blitz game"]
[Site "FICS freechess.org"]
[FICSGamesDBGameNo "20000073"]
[White "Foe"]
[Black "EPis"]
[WhiteElo "1197"]
[BlackElo "1089"]
[WhiteRD "na"]
[BlackRD "na"]
[TimeControl "300+2"]
[Date "1998.11.27"]
[Time "07:56:00"]
[WhiteClock "0:05:00.000"]
[BlackClock "0:05:00.000"]
[ECO "A22"]
[PlyCount "65"]
[Result "1-0"]

1. c4 e5 2. Nc3 Nf6 3. e3 Bc5 4. Qc2 c6 5. a3 d5 6. b4 Bb6 7. c5 Bc7 8. Bb2 b6 9. cxb6 axb6 10. Nf3 O-O 11. h4 e4 12. Ng5 Nh5 13. Be2 Nf6 14. b5 c5 15. f3 d4 16. Ncxe4 Nxe4 17. Qxe4 Bg3+ 18. Kd1 Re8 19. Qxh7+ Kf8 20. Qh8+ Ke7 21. Qxg7 dxe3 22. Bf6+ Kd7 23. Bxd8 Rxd8 24. Qxf7+ Kd6 25. Qf6+ Kd5 26. Qxd8+ Ke5 27. Qxc8 Nd7 28. Qxa8 c4 29. Qe4+ Kd6 30. Bxc4 Bxh4 31. Nf7+ Kc5 32. Qc6+ Kd4 33. Qd5# {Black checkmated} 1-0

[Event "FICS rated blitz game"]
[Site "FICS freechess.org"]
[FICSGamesDBGameNo "20000072"]
[White "wosche"]
[Black "rvs"]
[WhiteElo "1547"]
[BlackElo "1606"]
[WhiteRD "na"]
[BlackRD "na"]
[TimeControl "300+0"]
[Date "1998.11.21"]
[Time "15:30:00"]
[WhiteClock "0:05:00.000"]
[BlackClock "0:05:00.000"]
[ECO "D00"]
[PlyCount "101"]
[Result "0-1"]

1. d4 d5 2. Bg5 h6 3. Bh4 c5 4. Nf3 Qa5+ 5. c3 Nc6 6. e3 Qb6 7. Qc2 cxd4 8. exd4 Nf6 9. Bxf6 exf6 10. Bd3 Be6 11. O-O Bd6 12. Nbd2 O-O 13. Rfe1 Rac8 14. Nb3 Nb4 15. Qd2 Nxd3 16. Qxd3 Bb8 17. Re2 Qc7 18. h3 Rfe8 19. Rae1 Bd7 20. Nc5 Rxe2 21. Qxe2 Re8 22. Qd2 Be6 23. Re3 Qf4 24. Qe2 b6 25. Nxe6 fxe6 26. Rxe6 Qc1+ 27. Ne1 Rf8 28. Re8 Qf4 29. Rxf8+ Kxf8 30. g3 Qf5 31. Kg2 Qe4+ 32. Qxe4 dxe4 33. Nc2 Ke7 34. Ne3 Ke6 35. c4 g6 36. b4 Bd6 37. c5 bxc5 38. dxc5 Bc7 39. a4 h5 40. b5 Kd7 41. Nd5 Be5 42. a5 Kc8 43. Ne7+ Kc7 44. Nxg6 Bc3 45. a6 Bb4 46. c6 Bd6 47. Nf4 h4 48. Nd5+ Kd8 49. b6 axb6 50. a7 Ke8 51. a8=Q+ {White forfeits on time} 0-1

[Event "FICS rated blitz game"]
[Site "FICS freechess.org"]
[FICSGamesDBGameNo "20000071"]
[White "jalfano"]
[Black "tura"]
[WhiteElo "1692"]
[BlackElo "1731"]
[WhiteRD "na"]
[BlackRD "na"]
[TimeControl "300+0"]
[Date "1998.11.20"]
[Time "15:49:00"]
[WhiteClock "0:05:00.000"]
[BlackClock "0:05:00.000"]
[ECO "C45"]
[PlyCount "92"]
[Result "1-0"]

1. e4 e5 2. Nf3 Nc6 3. d4 exd4 4. Nxd4 d6 5. Nc3 Be7 6. Nxc6 bxc6 7. Bc4 Nf6 8. Qe2 O-O 9. O-O d5 10. exd5 cxd5 11. Bb5 d4 12. Ne4 Bb7 13. Nxf6+ Bxf6 14. Bf4 c5 15. f3 Qb6 16. Rab1 a6 17. Bc4 Rfe8 18. Qd3 g6 19. Qb3 Qxb3 20. axb3 g5 21. Bd6 Be7 22. Bg3 Bf8 23. Rfe1 Kg7 24. Rxe8 Rxe8 25. Re1 Rxe1+ 26. Bxe1 Bd6 27. Ba5 f5 28. Bd8 h6 29. Bd3 Bc8 30. g3 Kf7 31. Kf2 Be7 32. Bc7 Kf6 33. f4 g4 34. Be5+ Kg6 35. Bc4 Bb7 36. Ke2 h5 37. Kd2 h4 38. Be6 h3 39. Kc1 Bd8 40. Kb1 Be4 41. Bc8 d3 42. cxd3 Bxd3+ 43. Kc1 Bb6 44. Be6 c4 45. bxc4 Bg1 46. Kd2 Be4 {Black forfeits on time} 1-0

[Event "FICS rated standard game"]
[Site "FICS freechess.org"]
[FICSGamesDBGameNo "20000070"]
[White "Nikadim"]
[Black "lemminghero"]
[WhiteElo "1568"]
[BlackElo "1925"]
[WhiteRD "na"]
[BlackRD "na"]
[TimeControl "300+20"]
[Date "1998.11.20"]
[Time "08:15:00"]
[WhiteClock "0:05:00.000"]
[BlackClock "0:05:00.000"]
[ECO "B30"]
[PlyCount "52"]
[Result "0-1"]

1. e4 c5 2. Bc4 Nc6 3. Nf3 d6 4. d3 g6 5. Ng5 e6 6. Qf3 Ne5 7. Qf4 h6 8. Nf3 Bg7 9. Nxe5 Bxe5 10. Qf3 Ne7 11. Nc3 g5 12. h4 Ng6 13. hxg5 hxg5 14. Rxh8+ Bxh8 15. Ne2 Bd7 16. d4 cxd4 17. Qg3 Qa5+ 18. Bd2 Qc5 19. Bb3 Bf6 20. O-O-O a5 21. a4 b5 22. axb5 Bxb5 23. Qf3 Bxe2 24. Qxe2 a4 25. Ba2 Rc8 26. Qd3 Ne5 {White forfeits on time} 0-1

[Event "FICS rated blitz game"]
[Site "FICS freechess.org"]
[FICSGamesDBGameNo "20000069"]
[White "kingmark"]
[Black "greatbigdave"]
[WhiteElo "1108"]
[BlackElo "1105"]
[WhiteRD "na"]
[BlackRD "na"]
[TimeControl "120+12"]
[Date "1998.11.20"]
[Time "07:47:00"]
[WhiteClock "0:02:00.000"]
[BlackClock "0:02:00.000"]
[ECO "B30"]
[PlyCount "158"]
[Result "0-1"]

1. e4 c5 2. Nf3 Nc6 3. Bb5 Qc7 4. Bxc6 Qxc6 5. Nc3 Nf6 6. d3 c4 7. O-O cxd3 8. cxd3 e6 9. Bg5 Be7 10. Bxf6 Bxf6 11. e5 Be7 12. d4 O-O 13. Rc1 d6 14. b4 dxe5 15. Nxe5 Qa6 16. a4 Bxb4 17. h3 Bd6 18. Re1 f6 19. Nd3 e5 20. d5 Bf5 21. f3 Qb6+ 22. Nf2 Bc5 23. Rf1 Qb4 24. g4 Bd7 25. Qc2 a6 26. Kh1 b5 27. Rb1 Qc4 28. Kg1 bxa4 29. Rbc1 Qb3 30. Qxb3 axb3 31. Rb1 Bxf2+ 32. Rxf2 a5 33. Rxb3 a4 34. Ra3 Rfb8 35. Rf1 Rb2 36. Rfa1 Rd2 37. Nxa4 Bxa4 38. Rxa4 Rxa4 39. Rxa4 Rxd5 40. Re4 g5 41. Kg2 Kg7 42. Kg3 Kg6 43. h4 f5 44. gxf5+ Kxf5 45. Rg4 gxh4+ 46. Kxh4 Rd4 47. Rxd4 exd4 48. Kg3 h5 49. Kf2 h4 50. Ke2 Kf4 51. Kd3 Kxf3 52. Kxd4 h3 53. Kd3 h2 54. Kd2 h1=Q 55. Kd3 Qh7+ 56. Kd4 Qe4+ 57. Kc5 Ke3 58. Kd6 Kd4 59. Kd7 Qe5 60. Kc6 Qd5+ 61. Kb6 Qc5+ 62. Kb7 Kd5 63. Kb8 Kd6 64. Kb7 Qc6+ 65. Ka7 Kd7 66. Kb8 Qc7+ 67. Ka8 Qc8+ 68. Ka7 Qc6 69. Kb8 Qc8+ 70. Ka7 Qc7+ 71. Ka6 Qc6+ 72. Ka5 Kc7 73. Kb4 Kb6 74. Kb3 Ka5 75. Kb2 Ka4 76. Ka2 Qb6 77. Ka1 Qd4+ 78. Ka2 Qd2+ 79. Kb1 Kb3 {White resigns} 0-1

[Event "FICS rated blitz game"]
[Site "FICS freechess.org"]
[FICSGamesDBGameNo "20000068"]
[White "Koukku"]
[Black "LSD"]
[WhiteElo "2207"]
[BlackElo "2023"]
[WhiteRD "na"]
[BlackRD "na"]
[TimeControl "180+0"]
[Date "1998.11.18"]
[Time "15:20:00"]
[WhiteClock "0:03:00.000"]
[BlackClock "0:03:00.000"]
[ECO "A00"]
[PlyCount "107"]
[Result "1-0"]

1. Nc3 d5 2. e4 dxe4 3. f3 Nf6 4. fxe4 e5 5. Nf3 Nc6 6. Bb5 Bg4 7. O-O Bc5+ 8. Kh1 Qd6 9. d3 O-O-O 10. Bxc6 Qxc6 11. Nxe5 Bxd1 12. Nxc6 bxc6 13. Rxd1 Ng4 14. Rf1 Nf2+ 15. Rxf2 Bxf2 16. Bd2 f6 17. Rf1 Bb6 18. g3 h5 19. Kg2 Rde8 20. h3 Re6 21. Rf5 Re5 22. Rf3 Rhe8 23. Bf4 R5e6 24. Bd2 Bd4 25. Be1 Kd7 26. Bd2 Rb8 27. b3 a5 28. Ne2 a4 29. Nxd4 axb3 30. Nxb3 Ra8 31. Nc5+ Kd6 32. Nxe6 Kxe6 33. Rf2 Rxa2 34. Bf4 Ra7 35. g4 hxg4 36. hxg4 c5 37. Bg3 c6 38. e5 fxe5 39. Re2 Ra2 40. Rxe5+ Kf6 41. Rxc5 g6 42. Rxc6+ Kg5 43. Kf3 Ra4 44. Rc5+ Kh6 45. Bf4+ Kh7 46. Rc7+ Kh8 47. d4 g5 48. Be5+ Kg8 49. Ke4 Ra3 50. Kf5 Ra6 51. d5 Ra5 52. d6 Ra8 53. Kg6 Kf8 54. Rh7 {Black forfeits on time} 1-0

[Event "FICS rated blitz game"]
[Site "FICS freechess.org"]
[FICSGamesDBGameNo "20000065"]
[White "Nicolas"]
[Black "Wortley"]
[WhiteElo "1530"]
[BlackElo "1308"]
[WhiteRD "na"]
[BlackRD "na"]
[TimeControl "300+0"]
[Date "1998.11.15"]
[Time "07:56:00"]
[WhiteClock "0:05:00.000"]
[BlackClock "0:05:00.000"]
[ECO "A02"]
[PlyCount "57"]
[Result "1-0"]

1. f4 e6 2. Nf3 d5 3. g3 Bd6 4. Bg2 Nc6 5. O-O Nf6 6. d3 O-O 7. Qe1 h6 8. e4 dxe4 9. dxe4 Bc5+ 10. Kh1 Nd4 11. Nxd4 Bxd4 12. Nc3 b6 13. Be3 Bxe3 14. Qxe3 Bb7 15. Rae1 Nh5 16. Rd1 Qf6 17. Rd7 Qg6 18. Rxc7 Bc8 19. e5 Qg4 20. Bxa8 Ba6 21. Bf3 Qh3 22. Rf2 Nxg3+ 23. Kg1 Nf5 24. Qe1 Nd4 25. Bg2 Qg4 26. Qd1 Qg6 27. Rxa7 Bc4 28. Qxd4 Bd5 29. Nxd5 {Black resigns} 1-0

[Event "FICS rated blitz game"]
[Site "FICS freechess.org"]
[FICSGamesDBGameNo "20000064"]
[White "Rameau"]
[Black "smark"]
[WhiteElo "1566"]
[BlackElo "1561"]
[WhiteRD "na"]
[BlackRD "na"]
[TimeControl "120+12"]
[Date "1998.11.15"]
[Time "06:59:00"]
[WhiteClock "0:02:00.000"]
[BlackClock "0:02:00.000"]
[ECO "B01"]
[PlyCount "56"]
[Result "0-1"]

1. e4 d5 2. exd5 Nf6 3. d4 Nxd5 4. Bc4 Nb6 5. Bb3 Bf5 6. Qf3 e6 7. Qxb7 Be7 8. Bf4 O-O 9. Ne2 Bd6 10. O-O Bxf4 11. Nxf4 Qxd4 12. Qxc7 Na6 13. Qb7 Nc5 14. Qf3 Nxb3 15. cxb3 Qxb2 16. Nc3 Rac8 17. Nce2 Nd7 18. Ng3 Ne5 19. Qb7 Bd3 20. Nxd3 Nxd3 21. Qxa7 Rc2 22. Ne4 Nc1 23. Qe3 Qxa1 24. g3 Rfc8 25. Nd6 Rd8 26. Qf4 Qf6 27. Qb4 Qf3 28. Ne4 Ne2# {White checkmated} 0-1

[Event "FICS rated lightning game"]
[Site "FICS freechess.org"]
[FICSGamesDBGameNo "20000063"]
[White "LFD"]
[Black "garfius"]
[WhiteElo "1758"]
[BlackElo "1838"]
[WhiteRD "na"]
[BlackRD "na"]
[TimeControl "120+0"]
[Date "1998.11.12"]
[Time "19:47:00"]
[WhiteClock "0:02:00.000"]
[BlackClock "0:02:00.000"]
[ECO "C10"]
[PlyCount "50"]
[Result "0-1"]

1. e4 e6 2. d4 d5 3. Nc3 c6 4. e5 c5 5. Nce2 cxd4 6. Nxd4 Nc6 7. f4 Nge7 8. Ngf3 Qb6 9. c3 g6 10. Bd3 Nf5 11. Nxf5 gxf5 12. Qe2 Bc5 13. b4 Nxb4 14. cxb4 Bxb4+ 15. Bd2 Bd7 16. Rb1 Bxd2+ 17. Qxd2 Qc5 18. Rb5 Bxb5 19. Bxb5+ Qxb5 20. Kf2 Rc8 21. Re1 Rg8 22. Kg1 h6 23. h3 Qc5+ 24. Kh2 Qc2 25. Qa5 Qxg2# {White checkmated} 0-1

[Event "FICS rated blitz game"]
[Site "FICS freechess.org"]
[FICSGamesDBGameNo "20000062"]
[White "Sulu"]
[Black "Piropiro"]
[WhiteElo "1634"]
[BlackElo "1719"]
[WhiteRD "na"]
[BlackRD "na"]
[TimeControl "180+0"]
[Date "1998.11.12"]
[Time "14:04:00"]
[WhiteClock "0:03:00.000"]
[BlackClock "0:03:00.000"]
[ECO "C01"]
[PlyCount "52"]
[Result "0-1"]

1. e4 e6 2. d4 d5 3. exd5 exd5 4. c4 Nf6 5. Nc3 Bb4 6. Bg5 O-O 7. a3 Qe7+ 8. Be3 Bxc3+ 9. bxc3 Re8 10. c5 Ng4 11. Qf3 Nxe3 12. Qxe3 Qd7 13. Bd3 Rxe3+ 14. fxe3 Nc6 15. Nf3 Qg4 16. O-O Be6 17. h3 Qg3 18. Nh2 Bxh3 19. Rf2 Bxg2 20. Rxg2 Qxe3+ 21. Kh1 Qxd3 22. Rag1 g6 23. Nf3 Qxc3 24. Nh4 Qxa3 25. Nf5 Qh3+ 26. Rh2 Qxf5 {White resigns} 0-1

[Event "FICS rated blitz game"]
[Site "FICS freechess.org"]
[FICSGamesDBGameNo "20000061"]
[White "justjim"]
[Black "Dogger"]
[WhiteElo "1374"]
[BlackElo "1538"]
[WhiteRD "na"]
[BlackRD "na"]
[TimeControl "180+0"]
[Date "1998.11.09"]
[Time "23:00:00"]
[WhiteClock "0:03:00.000"]
[BlackClock "0:03:00.000"]
[ECO "B00"]
[PlyCount "103"]
[Result "1-0"]

1. e4 b6 2. Nf3 Bb7 3. Nc3 e6 4. d4 Bb4 5. Bd2 Bxc3 6. Bxc3 Bxe4 7. Bd3 Bxd3 8. Qxd3 d5 9. O-O Nf6 10. Ne5 O-O 11. f4 Ne4 12. f5 Nxc3 13. bxc3 f6 14. Ng4 h5 15. Ne3 Qd6 16. fxe6 Qxe6 17. Nf5 Nd7 18. Rae1 Qf7 19. Ne7+ Kh8 20. Ng6+ Kg8 21. Nxf8 Kxf8 22. Qb5 a6 23. Qc6 Rd8 24. Qxc7 Re8 25. Rxe8+ Qxe8 26. Qd6+ Kg8 27. Qxd5+ Qf7 28. Qa8+ Kh7 29. Qxa6 Nf8 30. Qd3+ g6 31. d5 Nd7 32. c4 Nc5 33. Qd4 Qe7 34. d6 Qd7 35. Qd5 g5 36. c3 Kg6 37. Qd4 f5 38. a4 Nxa4 39. Qd5 Nxc3 40. Qd4 Ne2+ 41. Kh1 Nxd4 42. Rd1 Qxd6 43. h3 Qc5 44. Ra1 Qxc4 45. Ra7 Ne6 46. Rb7 Qc5 47. Rb8 g4 48. Rg8+ Kf7 49. Rh8 gxh3 50. Rxh5 Qf2 51. Rh7+ Kg6 52. Rxh3 {Black forfeits on time} 1-0

[Event "FICS rated blitz game"]
[Site "FICS freechess.org"]
[FICSGamesDBGameNo "20000060"]
[White "GeneralManager"]
[Black "kley"]
[WhiteElo "1723"]
[BlackElo "1826"]
[WhiteRD "na"]
[BlackRD "na"]
[TimeControl "180+0"]
[Date "1998.11.08"]
[Time "13:30:00"]
[WhiteClock "0:03:00.000"]
[BlackClock "0:03:00.000"]
[ECO "A70"]
[PlyCount "73"]
[Result "0-1"]

1. d4 Nf6 2. c4 g6 3. Nc3 Bg7 4. e4 O-O 5. Nf3 d6 6. Bd3 c5 7. d5 e6 8. O-O exd5 9. cxd5 Bg4 10. Re1 Nbd7 11. a4 Ne5 12. Be2 Bxf3 13. Bxf3 Re8 14. Bg5 h6 15. Bf4 Nfd7 16. Nb5 Nxf3+ 17. Qxf3 Ne5 18. Qb3 a6 19. Nc3 Rb8 20. h3 Qd7 21. Qc2 b5 22. axb5 axb5 23. Ra5 b4 24. Ne2 Rec8 25. Rea1 c4 26. Ra7 Rb7 27. R7a6 Nd3 28. Rxd6 Qb5 29. e5 Nxf4 30. Nd4 Qc5 31. Qe4 Nd3 32. Raa6 Bxe5 33. Rdc6 Rxc6 34. Rxc6 Qxd4 35. Qxd4 Bxd4 36. d6 Bxf2+ 37. Kh2 {White resigns} 0-1

[Event "FICS rated blitz game"]
[Site "FICS freechess.org"]
[FICSGamesDBGameNo "20000059"]
[White "LSD"]
[Black "dirkmann"]
[WhiteElo "2037"]
[BlackElo "2040"]
[WhiteRD "na"]
[BlackRD "na"]
[TimeControl "180+0"]
[Date "1998.11.06"]
[Time "09:03:00"]
[WhiteClock "0:03:00.000"]
[BlackClock "0:03:00.000"]
[ECO "A45"]
[PlyCount "39"]
[Result "1-0"]

1. d4 Nf6 2. Bg5 g6 3. Bxf6 exf6 4. g3 Bg7 5. Bg2 O-O 6. e3 d5 7. Ne2 c6 8. O-O Nd7 9. b3 b6 10. c4 Ba6 11. cxd5 cxd5 12. Bxd5 Rc8 13. Re1 Qe7 14. Nbc3 f5 15. Bg2 g5 16. Nd5 Qd6 17. Nec3 Bb7 18. Rc1 Ba8 19. Nb5 Nb8 20. Nxd6 {Black resigns} 1-0

[Event "FICS rated blitz game"]
[Site "FICS freechess.org"]
[FICSGamesDBGameNo "20000058"]
[White "VrtX"]
[Black "Hzz"]
[WhiteElo "1541"]
[BlackElo "1567"]
[WhiteRD "na"]
[BlackRD "na"]
[TimeControl "180+0"]
[Date "1998.11.06"]
[Time "07:12:00"]
[WhiteClock "0:03:00.000"]
[BlackClock "0:03:00.000"]
[ECO "A00"]
[PlyCount "58"]
[Result "1-0"]

1. b4 b5 2. Bb2 Bb7 3. e3 e6 4. Bxb5 Bxb4 5. Nf3 a6 6. Bxg7 axb5 7. Bxh8 f6 8. O-O Qe7 9. Nd4 c6 10. Qh5+ Kd8 11. Nc3 Ba6 12. Ne4 c5 13. c3 Ba3 14. Nb3 d6 15. Qh4 Nd7 16. f4 Bb7 17. d3 Kc7 18. Rf3 d5 19. Ned2 c4 20. Nd4 Bc5 21. Nxb5+ Kb6 22. Rb1 Kc6 23. Nd4+ Kc7 24. dxc4 Bxd4 25. cxd4 dxc4 26. Rxb7+ Kxb7 27. Nxc4 Qa3 28. h3 Qxa2 29. Nd6+ Kc6 {Black forfeits on time} 1-0

[Event "FICS rated blitz game"]
[Site "FICS freechess.org"]
[FICSGamesDBGameNo "20000057"]
[White "MinoanPrince"]
[Black "Aza"]
[WhiteElo "1996"]
[BlackElo "2070"]
[WhiteRD "na"]
[BlackRD "na"]
[TimeControl "180+0"]
[Date "1998.10.28"]
[Time "07:28:00"]
[WhiteClock "0:03:00.000"]
[BlackClock "0:03:00.000"]
[ECO "A56"]
[PlyCount "72"]
[Result "1-0"]

1. d4 c5 2. d5 g6 3. c4 Bg7 4. Nc3 d6 5. e4 Nf6 6. Bd3 O-O 7. h3 e5 8. Nf3 a6 9. O-O Nh5 10. a3 a5 11. Be3 Nf4 12. Nb5 Nxd3 13. Qxd3 f5 14. Bg5 Qd7 15. exf5 gxf5 16. Qd2 f4 17. b4 b6 18. bxc5 bxc5 19. Rab1 Rf5 20. Nc3 Qf7 21. Ne4 Bf8 22. Rb6 Nd7 23. Rxd6 Bxd6 24. Nxd6 Qg6 25. Nxf5 Qxf5 26. Bh4 e4 27. Ng5 Ne5 28. Ne6 Ra6 29. Qxf4 Bxe6 30. Qg3+ Ng6 31. dxe6 Qxe6 32. Rd1 Qxc4 33. Rd8+ Kg7 34. Qc7+ Kh6 35. g4 Qc1+ 36. Kg2 Rf6 {Black forfeits on time} 1-0

[Event "FICS rated blitz game"]
[Site "FICS freechess.org"]
[FICSGamesDBGameNo "20000056"]
[White "sklem"]
[Black "GoldenArm"]
[WhiteElo "1245"]
[BlackElo "1348"]
[WhiteRD "na"]
[BlackRD "na"]
[TimeControl "300+12"]
[Date "1998.10.26"]
[Time "09:49:00"]
[WhiteClock "0:05:00.000"]
[BlackClock "0:05:00.000"]
[ECO "D02"]
[PlyCount "55"]
[Result "1-0"]

1. d4 d5 2. Nf3 Nc6 3. Bf4 Bg4 4. e3 e6 5. Nbd2 Bf5 6. c3 Nf6 7. Bb5 Qd7 8. Ne5 Qe7 9. Bxc6+ bxc6 10. Nxc6 Qd7 11. Ne5 Qb5 12. Qb3 Rb8 13. Qxb5+ Rxb5 14. b3 Bd6 15. O-O O-O 16. c4 dxc4 17. Ndxc4 Bb4 18. Nc6 Bc3 19. Rac1 Bb4 20. Bxc7 Rc8 21. Nxa7 Rb7 22. Nxc8 Rxc7 23. N4d6 Rxc1 24. Rxc1 Nd7 25. Ne7+ Kf8 26. Nexf5 exf5 27. Nxf5 g6 28. Rc8# {Black checkmated} 1-0

[Event "FICS rated blitz game"]
[Site "FICS freechess.org"]
[FICSGamesDBGameNo "20000055"]
[White "Detritius"]
[Black "Birba"]
[WhiteElo "1774"]
[BlackElo "1730"]
[WhiteRD "na"]
[BlackRD "na"]
[TimeControl "120+12"]
[Date "1998.10.21"]
[Time "15:04:00"]
[WhiteClock "0:02:00.000"]
[BlackClock "0:02:00.000"]
[ECO "A08"]
[PlyCount "45"]
[Result "1-0"]

1. Nf3 c5 2. g3 Nf6 3. Bg2 d5 4. d3 Nc6 5. O-O g6 6. Nbd2 Bg7 7. e4 O-O 8. Nh4 e5 9. c3 Be6 10. f4 dxe4 11. f5 gxf5 12. dxe4 f4 13. gxf4 Nxe4 14. Nxe4 Qxh4 15. f5 Rac8 16. Bg5 Rcd8 17. Qf3 Qxe4 18. Qxe4 Bd5 19. Qg4 f6 20. Bh6 Rf7 21. Rad1 Kh8 22. Bxd5 Rfd7 23. Be6 {Black resigns} 1-0

[Event "FICS rated lightning game"]
[Site "FICS freechess.org"]
[FICSGamesDBGameNo "20000054"]
[White "Maniak"]
[Black "palash"]
[WhiteElo "1768"]
[BlackElo "1685"]
[WhiteRD "na"]
[BlackRD "na"]
[TimeControl "60+1"]
[Date "1998.10.21"]
[Time "11:00:00"]
[WhiteClock "0:01:00.000"]
[BlackClock "0:01:00.000"]
[ECO "C96"]
[PlyCount "70"]
[Result "0-1"]

1. e4 e5 2. Nf3 Nc6 3. Bb5 a6 4. Ba4 Nf6 5. O-O Be7 6. Re1 b5 7. Bb3 O-O 8. h3 d6 9. c3 Na5 10. Bc2 c5 11. d4 Nc6 12. d5 Nb8 13. b3 Nbd7 14. c4 b4 15. Nbd2 Re8 16. Nf1 Bf8 17. Ng3 g6 18. Bg5 h6 19. Be3 Bg7 20. Qd2 Kh7 21. Nh2 Nf8 22. f4 exf4 23. Bxf4 N8d7 24. Rad1 Ne5 25. Bxe5 Rxe5 26. Nf3 Re8 27. Nh4 a5 28. e5 dxe5 29. Nxg6 fxg6 30. Qd3 e4 31. Nxe4 Nxe4 32. Rxe4 Rxe4 33. Qxe4 Bf5 34. Qe2 Bxc2 35. Qxc2 a4 {White forfeits on time} 0-1

[Event "FICS rated blitz game"]
[Site "FICS freechess.org"]
[FICSGamesDBGameNo "20000053"]
[White "Vectra"]
[Black "bemji"]
[WhiteElo "1296"]
[BlackElo "1234"]
[WhiteRD "na"]
[BlackRD "na"]
[TimeControl "300+12"]
[Date "1998.10.19"]
[Time "16:04:00"]
[WhiteClock "0:05:00.000"]
[BlackClock "0:05:00.000"]
[ECO "C41"]
[PlyCount "175"]
[Result "1/2-1/2"]

1. e4 e5 2. Nf3 d6 3. Nc3 c6 4. Bc4 b5 5. Bb3 Bg4 6. h3 Bxf3 7. Qxf3 f6 8. d3 Na6 9. a3 b4 10. Ne2 bxa3 11. Rxa3 Nc5 12. Bc4 d5 13. exd5 e4 14. dxe4 Ne7 15. O-O cxd5 16. exd5 f5 17. d6 Ne4 18. dxe7 Bxe7 19. Qxf5 Bxa3 20. Qxe4+ Be7 21. Bg5 Rc8 22. Bb5+ Kf7 23. Qf5+ Bf6 24. Nf4 g6 25. Bxf6 Qxf6 26. Qd5+ Kg7 27. Qd7+ Kh6 28. Nd5 Qxb2 29. Bd3 Rhd8 30. Qe6 Qd4 31. Nf4 Qxf4 32. Qe3 Qxe3 33. fxe3 a5 34. Ra1 Ra8 35. Kf2 Ra7 36. e4 a4 37. Ra3 Kg5 38. Bb5 Rd2+ 39. Ke3 Rxg2 40. Rxa4 Rxa4 41. Bxa4 Rg3+ 42. Kd4 Rxh3 43. c4 Kf6 44. Bd7 Rh1 45. Kc5 Ke5 46. Bc6 Rc1 47. Kb5 h5 48. c5 h4 49. Bd7 Rc3 50. Kb4 Re3 51. c6 Kd6 52. Kc4 Rxe4+ 53. Kd3 Rb4 54. Ke2 Kc7 55. Kf3 g5 56. Kf2 Rc4 57. Kf3 Rc3+ 58. Kg2 h3+ 59. Kh2 g4 60. Bxg4 Kxc6 61. Bxh3 Kd5 62. Kg2 Ke4 63. Be6 Kf4 64. Bf7 Rc2+ 65. Kh3 Rc7 66. Be6 Rh7+ 67. Kg2 Rg7+ 68. Kf2 Ke4 69. Ke2 Kd4 70. Kf3 Ke5 71. Bc4 Kd4 72. Be6 Rg6 73. Bf5 Rf6 74. Kg4 Ke5 75. Bd3 Rf4+ 76. Kg5 Rf3 77. Bc4 Rf5+ 78. Kg6 Rf4 79. Bb5 Rf6+ 80. Kh5 Kf4 81. Bf1 Rf8 82. Bd3 Ke5 83. Kg5 Rg8+ 84. Kh4 Kf4 85. Kh5 Rg3 86. Bc2 Rg2 87. Bd3 Rh2+ 88. Kg6 {Game drawn by mutual agreement} 1/2-1/2

[Event "FICS rated blitz game"]
[Site "FICS freechess.org"]
[FICSGamesDBGameNo "20000051"]
[White "yankee"]
[Black "nozzleman"]
[WhiteElo "1420"]
[BlackElo "1286"]
[WhiteRD "na"]
[BlackRD "na"]
[TimeControl "180+12"]
[Date "1998.10.19"]
[Time "12:32:00"]
[WhiteClock "0:03:00.000"]
[BlackClock "0:03:00.000"]
[ECO "C50"]
[PlyCount "83"]
[Result "1-0"]

1. e4 e5 2. Bc4 Nc6 3. Nf3 d6 4. h3 Be6 5. Bb5 Qd7 6. d3 a6 7. Ba4 b5 8. Bb3 h6 9. Bxe6 Qxe6 10. Be3 f5 11. Nc3 f4 12. Bd2 Nf6 13. Qe2 Be7 14. a4 b4 15. Na2 a5 16. c3 b3 17. Nc1 Rb8 18. c4 Nb4 19. Bxb4 Rxb4 20. Qd1 O-O 21. Nxb3 Rfb8 22. Nfd2 Nd7 23. Ra2 Nc5 24. Nxc5 dxc5 25. Qc2 Qb6 26. b3 Bh4 27. O-O Be7 28. Rb1 Qf6 29. Nf3 g5 30. Rab2 h5 31. Qc3 Bd6 32. Qd2 g4 33. hxg4 hxg4 34. Nh2 Qg5 35. Qe2 f3 36. Qf1 Rf8 37. Qc1 Qg6 38. Kf1 g3 39. Nxf3 gxf2 40. Kxf2 Qf7 41. Qg5+ Kh8 42. Rh1+ {Black resigns} 1-0

[Event "FICS rated lightning game"]
[Site "FICS freechess.org"]
[FICSGamesDBGameNo "20000050"]
[White "flas"]
[Black "BlueKazoo"]
[WhiteElo "1703"]
[BlackElo "1485"]
[WhiteRD "na"]
[BlackRD "na"]
[TimeControl "0+1"]
[Date "1998.10.16"]
[Time "16:24:00"]
[WhiteClock "0:10.000"]
[BlackClock "0:10.000"]
[ECO "A04"]
[PlyCount "147"]
[Result "1-0"]

1. Nf3 c5 2. g3 e6 3. Bg2 Nc6 4. d3 Nf6 5. e4 Bd6 6. Nbd2 e5 7. O-O Nd4 8. Nc4 Nxf3+ 9. Qxf3 O-O 10. Nxd6 Qe7 11. Nxc8 Raxc8 12. Bg5 d6 13. Bxf6 gxf6 14. Qg4+ Kh8 15. f4 Rg8 16. Qf3 exf4 17. Qxf4 Rg6 18. Rf2 Rcg8 19. Raf1 h5 20. Qh4 Rg5 21. Rxf6 Rg4 22. Qxh5+ Kg7 23. Rh6 Kf8 24. Rh8 Rg5 25. Rxg8+ Kxg8 26. Qf3 Rg6 27. Bh3 Rh6 28. Bg2 Rh7 29. Qf5 f6 30. Qc8+ Kg7 31. Qg4+ Kh8 32. Rf5 Rg7 33. Rh5+ Kg8 34. Qh4 Kf7 35. Rh7 Rxh7 36. Qxh7+ Ke6 37. Qxe7+ Kxe7 38. h4 a6 39. Kf2 b6 40. Kf3 Kf7 41. Kf4 Kg6 42. g4 Kg7 43. Kf5 Kf7 44. g5 a5 45. g6+ Kg7 46. h5 b5 47. Bf3 b4 48. a3 bxa3 49. bxa3 a4 50. Bd1 d5 51. exd5 c4 52. dxc4 Kh6 53. Kf4 f5 54. Ke3 Kg5 55. Kd4 f4 56. g7 Kh4 57. g8=Q f3 58. Qg4+ Kxg4 59. Bxf3+ Kxf3 60. Kc5 Ke2 61. Kb4 Kd2 62. Kxa4 Kxc2 63. d6 Kd3 64. c5 Kc4 65. c6 Kc5 66. c7 Kxd6 67. c8=Q Ke5 68. h6 Kf4 69. h7 Ke3 70. h8=Q Kf2 71. Qhe8 Kg1 72. Qf5 Kg2 73. Qg8+ Kh2 74. Qfh7# {Black checkmated} 1-0

[Event "FICS rated lightning game"]
[Site "FICS freechess.org"]
[FICSGamesDBGameNo "20000049"]
[White "Simpan"]
[Black "Basaurikoa"]
[WhiteElo "1463"]
[BlackElo "1548"]
[WhiteRD "na"]
[BlackRD "na"]
[TimeControl "120+0"]
[Date "1998.10.13"]
[Time "17:21:00"]
[WhiteClock "0:02:00.000"]
[BlackClock "0:02:00.000"]
[ECO "B13"]
[PlyCount "73"]
[Result "1-0"]

1. e4 c6 2. d4 d5 3. exd5 Qxd5 4. c4 Qd8 5. Nc3 Nf6 6. Be3 g6 7. Bd3 Bg7 8. Nge2 Ng4 9. O-O Nxe3 10. fxe3 O-O 11. Ng3 Nd7 12. Nce4 Nf6 13. b3 Nxe4 14. Nxe4 e5 15. dxe5 Bxe5 16. Rc1 Bf5 17. Nf2 Bxd3 18. Qxd3 Qxd3 19. Nxd3 Bg7 20. e4 Rad8 21. Nf4 Rd2 22. Rcd1 Rxa2 23. Rd7 b5 24. cxb5 cxb5 25. Nd5 a5 26. Ne7+ Kh8 27. Nc6 a4 28. bxa4 bxa4 29. Rdxf7 Rxf7 30. Rxf7 Ra1+ 31. Kf2 Kg8 32. Ra7 Rc1 33. Ra6 a3 34. Ra8+ Kf7 35. Nb4 Ke6 36. Rxa3 Rc3 37. Rxc3 {Black forfeits on time} 1-0